 Dungeon Crawl Stone Soup version 0.30-a0-377-g5cb311bc9f (webtiles) character file.

Game seed: 10902254167831828631

277 qeuew the Trooper (level 6, 0/48 HPs)
             Began as a Demonspawn Monk on Nov 29, 2022.
             Slain by a bullfrog (6 damage)
             ... in a sewer.
             The game lasted 00:05:01 (3089 turns).

qeuew the Trooper (Demonspawn Monk)                 Turns: 3089, Time: 00:05:03

Health: 0/48       AC:  3    Str: 13    XL:     6   Next: 4%
Magic:  6/6        EV: 14    Int: 12    God:
Gold:   155        SH:  0    Dex: 19    Spells: 5/5 levels left

rFire   + . .      SeeInvis +    a - +1 hand axe
rCold   + . .      Faith    .    (no shield)
rNeg    + . .      Spirit   .    n - +1 robe "Igeesmedi" {Dex+4 SInv}
rPois   +          Reflect  .    (helmet restricted)
rElec   +          Harm     .    (no cloak)
rCorr   +          Rampage  .    (no gloves)
Will    .....                    (no boots)
Stlth   +.........               (no amulet)
HPRegen 4.28/turn                e - ring of positive energy
MPRegen 0.10/turn                (no ring)

@: resistant, very slow
A: ignite blood 1, powered by death 2, horns 1
a: no special abilities


You were in a sewer.
You visited 1 branch of the dungeon, and saw 4 of its levels.
You also visited: Sewer.

You collected 155 gold pieces.

Inventory:

Hand Weapons
 a - a +1 hand axe (weapon)
Armour
 n - the +1 robe "Igeesmedi" (worn) {Dex+4 SInv}
   (You found it in a sewer)

   Dex:       It affects your dexterity (+4).
   SInv:      It lets you see invisible.
Jewellery
 e - a ring of positive energy (left hand)
Wands
 h - a wand of polymorph (19)
Scrolls
 d - a scroll of enchant armour
 g - 2 scrolls of teleportation
 j - a scroll of identify
 l - a scroll of fear {unknown}
Potions
 b - a potion of mutation
 c - 3 potions of ambrosia
 i - a potion of experience {unknown}
 k - 2 potions of haste {unknown}
 m - a potion of brilliance


   Skills:
 + Level 4.2 Fighting
 + Level 3.6 Axes
 + Level 2.3 Armour
 + Level 3.7 Dodging
 - Level 1.7 Stealth
 + Level 1.5 Evocations


You had 5 spell levels left.
You didn't know any spells.
Your spell library contained the following spells:

 Spells                   Type           Power      Damage    Failure   Level
 Sting                    Tmut/Pois      0%         1d3       32%         1
 Ensorcelled Hibernation  Hex/Ice        0%         N/A       45%         2
 Poisonous Vapours        Pois/Air       0%         N/A       45%         2
 Sublimation of Blood     Necr           0%         N/A       45%         2
 Spider Form              Tmut/Pois      0%         N/A       69%         3
 Anguish                  Hex/Necr       0%         N/A       97%         4
 Olgreb's Toxic Radiance  Pois           0%         N/A       97%         4
 Petrify                  Tmut/Erth      0%         N/A       97%         4
 Irradiate                Conj/Tmut      0%         3d11      100%        5
 Summon Forest            Summ/Tloc      0%         N/A       100%        5
 Summon Mana Viper        Hex/Summ       0%         N/A       100%        5
 Summon Cactus Giant      Summ           0%         N/A       100%        6


Dungeon Overview and Level Annotations

Branches:
Dungeon (4/15)              Sewer (1/1)
 Temple: D:4-7

Altars:


Innate Abilities, Weirdness & Mutations

Your demonic aura sometimes causes spilled blood to erupt in flames.
You regenerate health from kills.
You have a pair of small horns on your head.


Message History

You feel less invigorated.
You feel less confused. The bullfrog completely misses you.
The ball python bites you but does no damage.
The adder bites you.
* * * LOW HITPOINT WARNING * * *
The ball python bites you but does no damage.
The bullfrog hits you.
* * * LOW HITPOINT WARNING * * *
The ball python bites you but does no damage.
The ball python completely misses you. The ball python constricts you.
The ball python bites you.
* * * LOW HITPOINT WARNING * * *
The bullfrog closely misses you. The adder barely misses you.
The ball python closely misses you.
Unknown command.
You slash the bullfrog!
The bullfrog is heavily wounded.
You hit the ball python. x3
You kill the ball python!
You hit the ball python but do no damage.
You hit the adder. You hit the bullfrog. The bullfrog closely misses you.
The ball python barely misses you. The bullfrog barely misses you.
The ball python closely misses you. The ball python constricts you.
The adder barely misses you. The bullfrog hits you.
* * * LOW HITPOINT WARNING * * *
The ball python bites you.
* * * LOW HITPOINT WARNING * * *
The ball python bites you but does no damage.
The bullfrog barely misses you. The ball python bites you.
* * * LOW HITPOINT WARNING * * *
The ball python constricts you.
You slash the ball python!
You kill the ball python!
You hit the ball python. x2
You kill the ball python!
You hit the adder. You barely miss the bullfrog. You hit the bullfrog.
The bullfrog completely misses you. The adder bites you but does no damage.
The ball python closely misses you. x2; The bullfrog hits you.
You die...

##....
#......+
#.....
......#
##.....
......#
#.....†
##.....#
##....#
#≈≈~#≈≈#
#≈~≈≈≈≈
#≈≈≈~≈≈#
#≈~≈≈≈≈
#≈S≈F≈≈#
#≈~≈≈≈≈
#≈≈@~≈≈#
#≈≈~≈≈≈
#≈≈SF≈≈#
#≈≈≈~~≈
#≈~≈≈≈≈#
#≈≈≈≈≈~
#≈.≈≈≈≈#
#≈≈≈≈~~
#≈.≈≈≈≈#
##....#
#≈~≈≈≈≈#
#≈.[...
#≈≈~≈≈≈#
##....≈
#≈≈~≈≈≈#
#~~≈≈≈≈
#≈≈~~≈≈#
#~≈≈≈≈≈


You could see 2 bullfrogs, an adder and a ball python.

Vanquished Creatures
  Ijyb (D:3)
  6 adders
  4 gnolls (D:4)
  7 river rats (Sewer)
  A worm (D:3)
  A dart slug (D:1)
  An orc (D:3)
  23 ball pythons
  2 bats (D:3)
  2 endoplasms
  2 giant cockroaches (D:2)
  4 goblins
  6 hobgoblins
  10 jackals
  A quokka (D:2)
  2 frilled lizards
  8 kobolds
  24 rats
105 creatures vanquished.

Vanquished Creatures (others)
  A plant (D:1)
1 creature vanquished.

Grand Total: 106 creatures vanquished

Notes
Turn   | Place    | Note
-------+----------+-------------------------------------------
     0 | D:1      | qeuew the Demonspawn Monk began the quest for the Orb.
     0 | D:1      | Reached XP level 1. HP: 18/18 MP: 1/1
   207 | D:1      | Gained mutation: Your demonic aura sometimes causes spilled
                  | blood to erupt in flames. [demonic ancestry]
   207 | D:1      | Reached XP level 2. HP: 20/24 MP: 2/2
   520 | D:1      | Found a faded altar of an unknown god.
   842 | D:2      | Reached skill level 1 in Armour
  1178 | D:2      | Reached XP level 3. HP: 29/29 MP: 3/3
  1659 | D:2      | Gained mutation: You have a pair of small horns on your
                  | head. [potion of mutation]
  2027 | D:3      | Noticed Ijyb
  2034 | D:3      | Killed Ijyb
  2035 | D:3      | Gained mutation: You regenerate a little health from kills.
                  | [demonic ancestry]
  2035 | D:3      | Reached XP level 4. HP: 36/36 MP: 4/4
  2355 | D:4      | Reached XP level 5. HP: 13/42 MP: 5/5
  2476 | D:4      | Found a glowing drain.
  2537 | Sewer    | Entered a sewer
  2580 | Sewer    | Reached skill level 1 in Evocations
  2817 | Sewer    | Reached skill level 4 in Fighting
  2955 | Sewer    | Identified the +1 robe "Igeesmedi" {Dex+4 SInv}
  3003 | Sewer    | Gained mutation: You regenerate health from kills. [demonic
                  | ancestry]
  3003 | Sewer    | Reached XP level 6. HP: 40/48 MP: 6/6
  3085 | Sewer    | HP: 2/48 [bullfrog (7)]
  3089 | Sewer    | Slain by a bullfrog

Illustrated notes

Levels and vault maps discovered:
D:1:      evilmike_arrival_plus, layout_rooms,
          shapermc_ecumenical_altar_hornbeckon, serial_bayou_crossing
D:2:      layout_basic, minmay_misc_feat_pillars, minmay_shallow_snake_nest
D:3:      layout_basic, minmay_misc_feat_doors, uniq_ijyb
D:4:      layout_rooms, lemuel_doored_altar, minmay_temple_entry_tees,
          portal_sewer_entry_e
Sewer:    sewer_minmay_w

Skill      XL: |  1  2  3  4  5 |
---------------+----------------+-----
Dodging        | 3 |  3.7
Armour         | 1 2 |  2.3
Axes           | 3 |  3.6
Evocations     | 1 |  1.5
Fighting       | 4 |  4.2
Stealth        | |  1.7

Action                   |  1- 3 |  4- 6 || total
-------------------------+-------+-------++-------
Melee: Hand axe          |   104 |   160 ||   264
       Punch             |     1 |     3 ||     4
       Headbutt          |     2 |    20 ||    22
       Unarmed           |     2 |       ||     2
  Use: Scroll            |     6 |     2 ||     8
       Potion            |     6 |     5 ||    11
 Stab: Sleeping          |     4 |     3 ||     7
Armor: Ring mail         |    25 |    60 ||    85
       Robe              |     2 |    30 ||    32
Dodge: Dodged            |    63 |   228 ||   291

Table legend: (Time is in decaauts)
 A = Elapsed time spent in this place.
 B = Non-inter-level travel time spent in this place.
 C = Inter-level travel time spent in this place.
 D = Time resting spent in this place.
 E = Time spent auto-exploring this place.
 F = Levels seen in this place.
 G = Mean time per level.
                   A        B        C        D        E       F      G
               +--------+--------+--------+--------+--------+-----+--------+
         Total |   3176 |   2988 |    188 |      0 |   2380 |   5 |  635.2 |
       Dungeon |   2578 |   2390 |    188 |      0 |   2008 |   4 |  644.5 |
         Sewer |    598 |    598 |      0 |      0 |    372 |   1 |  598.0 |
               +--------+--------+--------+--------+--------+-----+--------+

Top non-repeatable levels by time:
     D:2: 1043 daAuts
     D:1: 699 daAuts
     D:3: 631 daAuts
   Sewer: 598 daAuts
     D:4: 205 daAuts
